 Dungeon Crawl Stone Soup version 0.25-a0-566-g062765be81 (webtiles) character file.

Game seed: 288841733368543365, levelgen mode: deterministic

79898 BeastOfSaturn the Spear-Bearer (level 15, -6/90 HPs)
             Began as a Tengu Air Elementalist on Feb 25, 2020.
             Was the Champion of Qazlal.
             Mangled by a naga warrior
             ... wielding a +0 halberd
              (18 damage)
             ... on level 1 of the Snake Pit on Feb 27, 2020.
             The game lasted 02:55:55 (31569 turns).

BeastOfSaturn the Spear-Bearer (TeAE)              Turns: 31569, Time: 02:55:56

Health: -6/90      AC: 18    Str: 14    XL:     15   Next: 65%
Magic:  11/21      EV: 10    Int: 20    God:    Qazlal [******]
Gold:   837        SH: 24    Dex: 14    Spells: 7/21 levels left

rFire    + . .     SeeInvis .   a - +8 trident of Satyriasis {elec, Stlth+}
rCold    + + .     Gourm    .   U - +0 kite shield
rNeg     . . .     Faith    .   i - +3 plate armour {rPois}
rPois    +         Spirit   .   (helmet restricted)
rElec    .         Reflect  +   l - scarf {rC+ rF+}
rCorr    .         Harm     .   H - +1 pair of gloves
MR       +....                  (boots unavailable)
Stlth    ..........             o - +3 amulet of reflection
HPRegen  0.25/turn              S - ring "Oggahoh" {rC+ Int+3 Dex+2 Stlth-}
MPRegen  0.17/turn              h - +5 ring of evasion

@: protected from physical damage, flying quickly and evasively, slowed,
constricted, repel missiles, very slow
A: beak, horns 1, talons 3, clumsy 1, deformed body, subdued magic 1, able to
fly
a: Stop Flying, Upheaval, Elemental Force, Disaster Area, Renounce Religion


You were on level 1 of the Snake Pit.
You worshipped Qazlal.
Qazlal was exalted by your worship.
You were not hungry.

You visited 6 branches of the dungeon, and saw 24 of its levels.
You also visited: Volcano.

You collected 2328 gold pieces.
You spent 1491 gold pieces at shops.

Inventory:

Hand Weapons
 a - the +8 trident of Satyriasis (weapon) {elec, Stlth+}
   (You bought it in a shop on level 2 of the Orcish Mines)

   Occasionally, upon striking a foe, it will discharge some electrical energy
   and cause terrible harm.
   It makes you more stealthy.
 b - the +1 hunting sling of Departure {vorpal, Int+5 Dex+4}
   (You found it on level 10 of the Dungeon)

   Any stone fired from it inflicts extra damage.
   It affects your intelligence (+5).
   It affects your dexterity (+4).
 E - a +1 trident of venom
Missiles
 K - 102 sling bullets
Armour
 d - the +0 leather armour of the Eternal Void {MR++ Regen+ Slay+2 SInv}
   (You found it on level 13 of the Dungeon)

   It affects your accuracy and damage with ranged weapons and melee attacks
   (+2).
   It affects your resistance to hostile enchantments.
   It lets you see invisible.
   It increases your rate of regeneration.
   If you switch to wearing this armour, your AC will decrease by 10 (18 -> 8).
 i - a +3 plate armour of poison resistance (worn)
 l - a scarf of resistance (worn)
 H - a +1 pair of gloves (worn)
 N - the +5 scale mail of Lomisej {rCorr}
   (You bought it in a shop on level 1 of the Orcish Mines)

   It provides partial protection from all sources of acid and corrosion.
   If you switch to wearing this armour, your AC will decrease by 2 (18 -> 16).
 U - a +0 kite shield (worn)
 Y - +0 acid dragon scales
Jewellery
 f - an uncursed amulet of the gourmand
 h - a +5 ring of evasion (right hand)
 o - a +3 amulet of reflection (around neck)
 t - an uncursed ring of protection from cold
 S - the ring "Oggahoh" (left hand) {rC+ Int+3 Dex+2 Stlth-}
   (You found it on level 2 of the Lair of Beasts)

   [ring of attention]

   It affects your intelligence (+3).
   It affects your dexterity (+2).
   It protects you from cold.
   It makes you less stealthy.
Wands
 n - a wand of polymorph (9)
 s - a wand of enslavement (20)
 B - a wand of scattershot (7)
 C - a wand of random effects (51)
 G - a wand of paralysis (13)
 Q - a wand of digging (3)
 R - a wand of iceblast (34)
 X - a wand of clouds (5)
 Z - a wand of flame (25)
Scrolls
 e - 8 scrolls of fear
 k - 2 scrolls of enchant weapon
 m - 3 scrolls of magic mapping
 p - 8 scrolls of teleportation
 q - 2 scrolls of remove curse
 v - 3 scrolls of blinking
 w - 7 scrolls of identify
 y - 7 scrolls of amnesia
 A - 3 scrolls of brand weapon
 I - a scroll of enchant armour
 L - a scroll of fog
Potions
 g - 9 potions of stabbing
 j - 6 potions of curing
 r - a potion of berserk rage
 u - 2 potions of magic
 x - 3 potions of resistance
 D - 5 potions of brilliance
 F - a potion of ambrosia {unknown}
 J - 4 potions of haste {unknown}
 P - a potion of mutation
 W - 2 potions of cancellation
Miscellaneous
 M - a phantom mirror
Comestibles
 c - 12 rations


   Skills:
 - Level 9.0 Fighting
   Level 2.2 Long Blades
 - Level 14.0 Polearms
 - Level 6.0 Slings
 + Level 10.2 Armour
 + Level 6.1 Dodging
 - Level 2.0 Stealth
 * Level 14.0 Shields
 * Level 3.6 Spellcasting
 - Level 10.0 Conjurations
 - Level 10.2 Air Magic
 - Level 5.0 Invocations


You had 7 spell levels left.
You knew the following spells:

 Your Spells              Type           Power        Failure   Level  Hunger
a - Shock                 Conj/Air       ####         9%          1    None
b - Static Discharge      Conj/Air       ####....     28%         3    ###....
c - Lightning Bolt        Conj/Air       ####......   95%         5    ######.
d - Fireball              Conj/Fire      ###.......   100%        5    ######.

Your spell library contained the following spells:

 Spells                   Type           Power        Failure   Level  Hunger
 Foxfire                  Conj/Fire      ###.         61%         1    None
 Airstrike                Air            ####......   67%         4    ####...
 Swiftness                Chrm/Air       ###.....     73%         2    ##.....
 Conjure Flame            Conj/Fire      ###.....     94%         3    ###....
 Infusion                 Chrm           #...         100%        1    None
 Shroud of Golubria       Chrm/Tloc      #.....       100%        2    ##.....
 Song of Slaying          Chrm           #.......     100%        2    ##.....
 Confusing Touch          Hex            #.......     100%        3    ###....
 Gell's Gravitas          Tloc           #.........   100%        3    ###....
 Inner Flame              Hex/Fire       #.......     100%        3    ###....
 Ozocubu's Armour         Chrm/Ice       #.......     100%        3    ###....
 Spectral Weapon          Hex/Chrm       #.......     100%        3    ###....
 Petrify                  Tmut/Erth      #.......     100%        4    ####...
 Sticky Flame             Conj/Fire      ###.....     100%        4    ####...
 Metabolic Englaciation   Hex/Ice        #.........   100%        5    ######.
 Yara's Violent Unravell  Hex/Tmut       #.........   100%        5    ######.
 Ignition                 Fire           #.........   100%        8    #######
 Shatter                  Erth           #.........   100%        9    #######
 Tornado                  Air            ####......   100%        9    #######


Dungeon Overview and Level Annotations

Branches:
Dungeon (13/15)            Temple (1/1) D:5            Lair (6/6) D:9
 Shoals (1/4) Lair:2        Snake (1/4) Lair:4        Slime (0/5) Lair:5
    Orc (2/2) D:11            Elf (0/3) Orc:2       Volcano (visited)
 Vaults: D:13-14

Altars:
Ashenzari
Cheibriados
Dithmenos
Elyvilon
Fedhas
Gozag
Hepliaklqana
Kikubaaqudgha
Makhleb
Nemelex Xobeh
Okawaru
Qazlal
Ru
Sif Muna
Trog
Uskayaw
Vehumet
Wu Jian
Xom
Yredelemnul
Zin
The Shining One
Beogh
Jiyva

Shops:
D:6 *   D:7 =   D:11 [   D:13 [   Orc:1 ?[[[   Orc:2 =?([

Annotations:
D:7 2 transporters, srslyguys's ghost, novice DrBe
Lair:2 3 runed translucent doors, Biesutadghu's ghost, journeyman GrWz; Ehoff's ghost, journeyman CeAK; Gargoyl's ghost, journeyman CeAK; Qalesan's ghost, journeyman MiFi; Waucruy's ghost, journeyman MiFi
Shoals:1 1 runed translucent door


Innate Abilities, Weirdness & Mutations

You have a beak for a mouth.
You have claws for feet.
You can fly continuously.
You have a pair of small horns on your head.
You are clumsy. (Dex -2)
Armour fits poorly on your strangely shaped body.
Your spells are a little easier to cast, but a little less powerful.


Message History

* * * LOW HITPOINT WARNING * * *
You feel more protected from physical attacks.
The naga hits you with a +0 scimitar!
* * * LOW HITPOINT WARNING * * *
You feel more protected from physical attacks.
You escape the naga's grasp.
You block the guardian serpent's attack.
You block the naga's attack.
The naga barely misses your water elemental.
You block the naga's attack.
Your fire elemental barely misses the naga.
The naga hits you with a +0 mace!
* * * LOW HITPOINT WARNING * * *
You feel more protected from physical attacks.
The naga grabs you.
You stop ascending the stairs.
* * * LOW HITPOINT WARNING * * *
The naga constricts you.
The naga warrior is engulfed in blazing flames.
The naga warrior hits you with a +0 halberd!!
You die...

##.......
##.....≈≈≈
###.....≈≈≈≈
###......≈≈≈≈≈
##..(........_≈
#...○..§..≈≈≈≈≈
##...ENN))..≈≈≈≈
#.....N@NE...≈≈≈
#......SN☼......
.....##§○.......
.... ##........
... #(....... ..
#.....$.. .
#(.......
.........
.........


You could see 2 naga warriors, a guardian serpent, 3 nagas, a friendly water
elemental and a friendly fire elemental.

Vanquished Creatures
  Rupert (D:13)
  An orc warlord (Orc:1)
  Snorg (D:13)
  A merfolk impaler (Shoals:1)
  Harold (Lair:2)
  3 hydras
  Erica (D:8)
  2 catoblepae
  An anaconda (Snake:1)
  A merfolk aquamancer (Lair:2)
  2 two-headed ogres
  5 death yaks (Lair:6)
  A deep troll shaman (Lair:6)
  Nergalle (Lair:2)
  A shock serpent (Snake:1)
  A sea snake (Shoals:1)
  A lindwurm (Lair:6)
  Pikel (D:8)
  3 harpies (Lair:2)
  3 orc knights
  3 orc sorcerers
  A mana viper (Snake:1)
  3 ugly things
  8 elephants
  2 cyclopes (D:12)
  A faun (Shoals:1)
  A centaur zombie (D:13)
  Maurice (D:9)
  Joseph (D:7)
  A merfolk siren (Shoals:1)
  A guardian serpent (Lair:4)
  8 black mambas
  Psyche (D:8)
  3 naga magi (Snake:1)
  A smoke demon (Volcano)
  Maggie (D:7)
  2 torpor snails
  A centaur skeleton (D:13)
  2 kobold demonologists (D:12)
  9 komodo dragons
  8 spiny frogs
  5 rime drakes
  3 merfolk (Shoals:1)
  A red devil (Volcano)
  A polar bear (Lair:6)
  9 trolls
  10 blink frogs
  14 hippogriffs
  A shadow (D:12)
  3 wyverns
  3 water elementals
  Sigmund (D:3)
  59 yaks
  2 basilisks (Lair:1)
  A hungry ghost (D:11)
  Eustachio (D:5)
  Grum (D:8)
  9 nagas
  4 wargs
  10 water moccasins
  An acid dragon (D:12)
  7 porcupines
  2 hell hounds (Volcano)
  A slave (D:8)
  3 ice beasts
  4 sky beasts
  38 orc warriors
  3 phantoms
  An eye of draining (D:12)
  9 ogres
  A necrophage (D:12)
  An ogre (shapeshifter) (D:13)
  3 black bears (Lair:6)
  9 centaurs
  15 wolves
  8 crocodiles
  3 big kobolds
  11 bullfrogs
  A gnoll sergeant (Orc:2)
  7 scorpions
  11 killer bees
  14 wights
  6 crimson imps
  5 gnoll shamans
  3 jellies
  13 orc priests
  A bullfrog skeleton (D:11)
  7 hounds
  An iguana (D:8)
  Terence (D:2)
  Natasha (thrice) (D:4)
  30 orc wizards
  11 worker ants
  A killer bee zombie (D:7)
  A hound skeleton (D:11)
  A howler monkey zombie (D:8)
  2 worker ant zombies
  Robin (D:3)
  45 gnolls
  7 adders
  A shadow imp (D:9)
  2 adder zombies
  4 worms
  2 dart slugs
  7 leopard geckos
  122 orcs
  9 bats
  6 giant cockroaches
  11 goblins
  10 hobgoblins
  22 jackals
  5 quokkas
  9 frilled lizards
  A jackal zombie (D:8)
  20 kobolds
  A quokka skeleton (D:5)
  8 rats
  2 fungi
  A tentacle (Shoals:1)
764 creatures vanquished.

Vanquished Creatures (collateral kills)
  Jorgrun (Shoals:1)
  A manticore (Shoals:1)
  A snapping turtle (Shoals:1)
  A water elemental (Shoals:1)
4 creatures vanquished.

Vanquished Creatures (others)
  Nessos (D:13)
  A naga sharpshooter (Snake:1)
  Sonja (D:13)
  2 centaurs (Lair:2)
  An orc (Orc:2)
  10 fungi
  6 plants
  11 tentacles (Shoals:1)
33 creatures vanquished.

Grand Total: 801 creatures vanquished

Notes
Turn   | Place    | Note
-------+----------+-------------------------------------------
     0 | D:1      | BeastOfSaturn the Tengu Air Elementalist began the quest
                  | for the Orb.
     0 | D:1      | Reached XP level 1. HP: 10/10 MP: 4/4
   598 | D:1      | Reached XP level 2. HP: 15/15 MP: 3/6
  1470 | D:2      | Found a sacrificial altar of Ru.
  1506 | D:2      | Reached skill level 5 in Air Magic
  1506 | D:2      | Reached XP level 3. HP: 20/20 MP: 4/7
  1507 | D:2      | Reached skill level 1 in Armour
  1551 | D:2      | Learned a level 3 spell: Static Discharge
  1716 | D:2      | Noticed Terence
  1789 | D:2      | Killed Terence
  1789 | D:2      | Reached skill level 1 in Fighting
  1789 | D:2      | Reached XP level 4. HP: 18/25 MP: 3/8
  2064 | D:3      | Gained mutation: You can fly continuously. [Tengu growth]
  2064 | D:3      | Reached XP level 5. HP: 16/29 MP: 7/9
  2426 | D:3      | Noticed Robin
  2648 | D:3      | Killed Robin
  3235 | D:3      | Noticed Sigmund
  3281 | D:3      | Killed Sigmund
  3281 | D:3      | Reached skill level 1 in Long Blades
  3281 | D:3      | Reached XP level 6. HP: 18/35 MP: 4/10
  3548 | D:3      | Found a white marble altar of Elyvilon.
  3795 | D:3      | Learned a level 5 spell: Lightning Bolt
  4045 | D:4      | Reached XP level 7. HP: 35/40 MP: 0/11
  4153 | D:4      | Found a snail-covered altar of Cheibriados.
  4250 | D:4      | Upgraded the game from 0.25-a0-558-g78a2afb0af to
                  | 0.25-a0-565-g8875c97ebb
  4280 | D:4      | Found a basalt altar of Yredelemnul.
  4283 | D:4      | Found an ornate altar of the Wu Jian Council.
  4303 | D:4      | Noticed Natasha
  4307 | D:4      | Killed Natasha
  4419 | D:4      | Noticed Natasha
  4429 | D:4      | Killed Natasha
  4541 | D:4      | Found an ancient bone altar of Kikubaaqudgha.
  4617 | D:4      | Noticed Natasha
  4624 | D:4      | Killed Natasha
  4675 | D:5      | Entered Level 5 of the Dungeon
  4731 | D:5      | Found a glowing golden altar of the Shining One.
  4860 | D:5      | Found a shimmering altar of Xom.
  4861 | D:5      | Found a shimmering altar of Xom.
  4864 | D:5      | Found a shimmering altar of Xom.
  4864 | D:5      | Found a shimmering altar of Xom.
  4868 | D:5      | Found a shimmering altar of Xom.
  4878 | D:5      | Noticed Eustachio
  4892 | D:5      | Killed Eustachio
  4892 | D:5      | Reached skill level 1 in Polearms
  4892 | D:5      | Reached skill level 5 in Armour
  4892 | D:5      | Reached XP level 8. HP: 40/46 MP: 0/12
  4959 | D:5      | Found a staircase to the Ecumenical Temple.
  4968 | Temple   | Entered the Ecumenical Temple
  5164 | Temple   | Became a worshipper of Qazlal Stormbringer
  5627 | D:6      | Found Alaqued's General Store.
  6128 | D:6      | Found a shattered altar of Ashenzari.
  6136 | D:6      | Reached * piety under Qazlal
  6458 | D:6      | Reached ** piety under Qazlal
  6472 | D:6      | Reached XP level 9. HP: 48/52 MP: 6/13
  7147 | D:6      | Found a blossoming altar of Fedhas.
  7394 | D:7      | Found Ocky's Jewellery Shoppe.
  7401 | D:7      | Noticed Joseph
  7455 | D:7      | Killed Joseph
  7455 | D:7      | Reached skill level 5 in Polearms
  7455 | D:7      | Reached skill level 10 in Air Magic
  7809 | D:6      | Reached skill level 5 in Fighting
  8107 | D:7      | Found a transporter.
  8110 | D:7      | Noticed a moth of wrath
  8111 | D:7      | Noticed srslyguys's ghost (novice DrBe)
  8114 | D:7      | Noticed a komodo dragon
  8416 | D:7      | Found a transporter.
  8457 | D:7      | Gained mutation: You have a pair of small horns on your
                  | head. [potion of mutation]
  8457 | D:7      | Gained mutation: Armour fits poorly on your strangely
                  | shaped body. [potion of mutation]
  8457 | D:7      | Gained mutation: Your spells are a little harder to cast,
                  | but a little more powerful. [potion of mutation]
  8457 | D:7      | Gained mutation: You have a somewhat thin skeletal
                  | structure. (Dex +2, Stealth) [potion of mutation]
  8458 | D:7      | Lost mutation: Armour fits poorly on your strangely shaped
                  | body. [potion of mutation]
  8458 | D:7      | Lost mutation: Your spells are a little harder to cast, but
                  | a little more powerful. [potion of mutation]
  8458 | D:7      | Lost mutation: You have a pair of small horns on your head.
                  | [potion of mutation]
  8458 | D:7      | Gained mutation: You do not regenerate when monsters are
                  | visible. [potion of mutation]
  8458 | D:7      | Gained mutation: Armour fits poorly on your strangely
                  | shaped body. [potion of mutation]
  8458 | D:7      | Gained mutation: You are weak. (Str -2) [potion of
                  | mutation]
  8458 | D:7      | Gained mutation: You are agile. (Dex +2) [potion of
                  | mutation]
  8459 | D:7      | Lost mutation: You do not regenerate when monsters are
                  | visible. [potion of mutation]
  8459 | D:7      | Lost mutation: You are agile. (Dex +2) [potion of mutation]
  8459 | D:7      | Gained mutation: You occasionally shout uncontrollably at
                  | your foes. [potion of mutation]
  8459 | D:7      | Gained mutation: Your spells are a little harder to cast,
                  | but a little more powerful. [potion of mutation]
  8552 | D:7      | Reached *** piety under Qazlal
  8690 | D:7      | You are sucked into a shaft and drop 3 floors!
  8690 | D:10     | Entered Level 10 of the Dungeon
  8700 | D:9      | Reached XP level 10. HP: 44/60 MP: 4/14
  8940 | D:9      | Found a staircase to the Lair.
  9521 | D:9      | Reached skill level 5 in Conjurations
  9735 | D:9      | Noticed Maurice
  9748 | D:9      | Killed Maurice
  9865 | D:8      | Reached **** piety under Qazlal
 10021 | D:8      | Noticed Grum
 10039 | D:8      | Killed Grum
 10177 | D:8      | Noticed a two-headed ogre
 10210 | D:8      | Killed a two-headed ogre
 10351 | D:7      | Noticed Maggie
 10363 | D:7      | Killed Maggie
 10363 | D:7      | Reached XP level 11. HP: 40/68 MP: 12/15
 10963 | D:6      | Bought a scarf of resistance for 448 gold pieces
 11016 | D:8      | Noticed Psyche
 11023 | D:8      | Killed Psyche
 11030 | D:8      | Lost mutation: You occasionally shout uncontrollably at
                  | your foes. [potion of mutation]
 11030 | D:8      | Lost mutation: You are weak. (Str -2) [potion of mutation]
 11030 | D:8      | Lost mutation: You have a somewhat thin skeletal structure.
                  | (Dex +2, Stealth) [potion of mutation]
 11030 | D:8      | Lost mutation: Your spells are a little harder to cast, but
                  | a little more powerful. [potion of mutation]
 11030 | D:8      | Gained mutation: You are clumsy. (Dex -2) [potion of
                  | mutation]
 11030 | D:8      | Gained mutation: You have a pair of small horns on your
                  | head. [potion of mutation]
 11040 | D:8      | Noticed Erica
 11401 | D:8      | Killed Erica
 11440 | D:8      | Noticed Pikel
 11444 | D:8      | Killed Pikel
 11495 | D:8      | Found a radiant altar of Vehumet.
 12354 | D:10     | Reached ***** piety under Qazlal
 12548 | D:10     | Reached skill level 10 in Polearms
 12718 | D:10     | Identified the cursed +1 hunting sling of Departure
                  | {vorpal, Int+5 Dex+4} (You found it on level 10 of the
                  | Dungeon)
 13212 | Lair:1   | Entered Level 1 of the Lair of Beasts
 13254 | Lair:1   | Noticed a four-headed hydra
 13400 | D:9      | Killed a four-headed hydra
 13768 | Lair:1   | Reached skill level 1 in Slings
 13879 | Lair:1   | Learned a level 5 spell: Fireball
 13898 | Lair:1   | Found a dark tunnel.
 13909 | Volcano  | Entered a volcano
 13928 | Volcano  | Noticed a red ugly thing
 13929 | Volcano  | Noticed an orc sorcerer
 13936 | Volcano  | Noticed a red ugly thing
 13948 | Volcano  | Killed an orc sorcerer
 14004 | Volcano  | Killed a green ugly thing
 14027 | Volcano  | Killed a cyan ugly thing
 14824 | Lair:1   | Reached XP level 12. HP: 57/76 MP: 16/16
 15795 | Lair:2   | Got a vibrating turquoise ring
 15797 | Lair:2   | Identified the ring "Oggahoh" {rC+ Int+3 Dex+2 Stlth-} (You
                  | found it on level 2 of the Lair of Beasts)
 15797 | Lair:2   | Noticed Harold
 15802 | Lair:2   | Killed Harold
 16027 | Lair:2   | Found a staircase to the Shoals.
 16056 | Lair:2   | Noticed Nergalle
 16074 | Lair:2   | Killed Nergalle
 16318 | Lair:2   | Reached skill level 10 in Conjurations
 16343 | Lair:2   | Reached skill level 1 in Invocations
 16362 | Lair:2   | Reached skill level 10 in Armour
 16548 | Lair:2   | Reached skill level 1 in Shields
 16836 | Lair:2   | Found a runed translucent gate.
 16836 | Lair:2   | Found a runed translucent gate.
 16836 | Lair:2   | Found a runed translucent gate.
 16837 | Lair:2   | Noticed Ehoff's ghost (journeyman CeAK)
 16838 | Lair:2   | Noticed Gargoyl's ghost (journeyman CeAK)
 16838 | Lair:2   | Noticed Biesutadghu's ghost (journeyman GrWz)
 16838 | Lair:2   | Noticed Waucruy's ghost (journeyman MiFi)
 16839 | Lair:2   | Noticed Qalesan's ghost (journeyman MiFi)
 17892 | Lair:3   | Reached XP level 13. HP: 80/80 MP: 11/17
 18038 | Lair:3   | Found a stormy altar of Qazlal.
 19834 | Lair:4   | Found a staircase to the Snake Pit.
 21786 | Lair:5   | Found a viscous altar of Jiyva.
 21786 | Lair:5   | Found a staircase to the Slime Pits.
 21795 | Lair:5   | Upgraded the game from 0.25-a0-565-g8875c97ebb to
                  | 0.25-a0-566-g062765be81
 22338 | D:11     | Reached ****** piety under Qazlal
 22342 | D:11     | Reached skill level 5 in Shields
 22813 | D:11     | Found Cheibriados's Comfort Zone.
 22813 | D:11     | Found a snail-covered altar of Cheibriados.
 23254 | D:11     | Found a staircase to the Orcish Mines.
 23964 | D:12     | Gained mutation: Your spells are a little easier to cast,
                  | but a little less powerful. [a neqoxec]
 24268 | D:12     | Reached skill level 5 in Slings
 24268 | D:12     | Reached XP level 14. HP: 65/86 MP: 18/18
 24796 | D:13     | Noticed Snorg
 24798 | D:13     | Noticed Nessos
 24811 | D:13     | Killed Snorg
 24812 | D:13     | Killed Nessos
 24816 | D:13     | Noticed Rupert
 24848 | D:13     | Killed Rupert
 24858 | D:12     | Reached skill level 5 in Invocations
 25233 | D:13     | Noticed Sonja
 25237 | D:13     | Killed Sonja
 25273 | D:13     | Got an opal-encrusted leather armour
 25284 | D:13     | Identified the +0 leather armour of the Eternal Void {MR++
                  | Regen+ Slay+2 SInv} (You found it on level 13 of the
                  | Dungeon)
 25775 | D:13     | Found Zaydiw's Armour Shop.
 26080 | Orc:1    | Entered Level 1 of the Orcish Mines
 26080 | Orc:1    | Found Fain's Armour Boutique.
 26116 | D:11     | Reached skill level 10 in Shields
 26234 | Orc:1    | Found Nokebb's General Store.
 26377 | Orc:2    | Entered Level 2 of the Orcish Mines
 26658 | Orc:2    | Found a roughly hewn altar of Beogh.
 26659 | Orc:2    | Found Ynal's Jewellery Boutique.
 27173 | Orc:2    | Noticed an orc warlord
 27204 | Orc:1    | Found Tokhari's Magic Scroll Boutique.
 27232 | Orc:1    | Killed an orc warlord
 27514 | Orc:1    | Found Batuh's Antique Armour Boutique.
 27525 | Orc:1    | Bought a twisted chain mail for 190 gold pieces
 27535 | Orc:1    | Identified the cursed +1 chain mail "Hyistruokk" {rF+
                  | Regen+ Dex-4} (You bought it in a shop on level 1 of the
                  | Orcish Mines)
 27576 | Orc:1    | Bought a scroll of fear for 38 gold pieces
 27576 | Orc:1    | Bought a scroll of enchant weapon for 82 gold pieces
 27576 | Orc:1    | Bought a scroll of remove curse for 33 gold pieces
 27576 | Orc:1    | Bought a scroll of teleportation for 33 gold pieces
 27576 | Orc:1    | Bought a scroll of identify for 22 gold pieces
 27576 | Orc:1    | Bought a scroll of teleportation for 33 gold pieces
 27576 | Orc:1    | Bought a scroll of identify for 22 gold pieces
 27660 | Orc:2    | Found Hosap's Antique Armour Emporium.
 27671 | Orc:2    | Found a roughly hewn altar of Beogh.
 27683 | Orc:2    | Found Caxoerun's Antique Weapon Shoppe.
 27688 | Orc:2    | Bought a slimy trident for 221 gold pieces
 27694 | Orc:2    | Identified the +8 trident of Satyriasis {elec, Stlth+} (You
                  | bought it in a shop on level 2 of the Orcish Mines)
 27810 | Orc:2    | Found a roughly hewn altar of Beogh.
 27823 | Orc:2    | Found Esu Loel's Magic Scroll Emporium.
 27829 | Orc:2    | Bought a scroll of fog for 28 gold pieces
 27829 | Orc:2    | Bought a scroll of magic mapping for 49 gold pieces
 27829 | Orc:2    | Bought a scroll of magic mapping for 49 gold pieces
 27864 | Orc:2    | Found a staircase to the Elven Halls.
 27902 | Orc:2    | Found a roughly hewn altar of Beogh.
 27914 | Orc:2    | Found a roughly hewn altar of Beogh.
 28543 | Orc:1    | Found Dugose's Antique Armour Shop.
 28803 | Orc:1    | Bought a pitted scale mail for 243 gold pieces
 28813 | Orc:1    | Identified the +5 scale mail of Lomisej {rCorr} (You bought
                  | it in a shop on level 1 of the Orcish Mines)
 29186 | Lair:6   | Entered Level 6 of the Lair of Beasts
 29809 | Lair:6   | Reached XP level 15. HP: 90/90 MP: 19/19
 30065 | Lair:6   | Reached skill level 5 in Dodging
 30461 | Shoals:1 | Entered Level 1 of the Shoals
 30487 | Shoals:1 | Noticed Jorgrun
 30513 | Shoals:1 | Killed Jorgrun
 30667 | Shoals:1 | Noticed a kraken
 30677 | Shoals:1 | Found a runed translucent gate.
 30688 | Shoals:1 | Found a glowing silver altar of Zin.
 31309 | Snake:1  | Entered Level 1 of the Snake Pit
 31309 | Snake:1  | Found a shadowy altar of Dithmenos.
 31569 | Snake:1  | Mangled by a naga warrior

Levels and vault maps discovered:
D:1:      dpeg_arrival_pits, layout_basic
D:2:      layout_basic, nicolae_overflow_hidden_temple, uniq_terence
D:3:      layout_basic, elyvilon_altar_1, minmay_mini_jars, uniq_robin,
          uniq_sigmund
D:4:      layout_rooms, kennysheep_mini_moat, kiku_gazebo_pond_becter,
          minitemple, first_ration, uniq_natasha
D:5:      layout_basic, lemuel_crystal_altar, minmay_temple_entry_stoned_glass,
          abandoned_shop, xom_redecorated, uniq_eustachio
D:6:      lemuel_castle_with_subvaults [lemuel_castle_interior_carwin_2],
          layout_rooms, lemuel_doored_altar, serial_shops, shop,
          cheibrodos_ashenzari_chains
D:7:      layout_loops_ring, gammafunk_ghost_berserking_beasts, serial_shops,
          shop_statue, uniq_joseph, uniq_maggie
D:8:      layout_cave_pods, lemuel_coloured_pillars_altar, uniq_psyche,
          uniq_pikel, uniq_erica, uniq_grum
D:9:      layout_loops_cross, lair_entry_dummy, uniq_maurice
D:10:     layout_cave_pools
D:11:     layout_layer_cave, david_orc_1_choice, grunt_livestock,
          minmay_shop_chei
D:12:     layout_big_octagon, enter_bailey_1, gauntlet_entry_generic,
          kennysheep_small_circle
D:13:     layout_long_grid, serial_shops, kennysheep_mini,
          hangedman_decor_clover_reticule, uniq_snorg, uniq_sonja, uniq_nessos,
          uniq_rupert
Temple:   nicolae_temple_figure_eight
Lair:1:   layout_chaotic_city, nicolae_volcano_entry_lava_flow,
          infiniplex_staircase_pool
Lair:2:   layout_roguey, minmay_shoals_entry_centaurs, gammafunk_ghost_cemetery,
          uniq_harold, uniq_nergalle
Lair:3:   layout_cave_pods, basic_altar
Lair:4:   layout_regular_city, minmay_snake_entry_guardpost_medium,
          chequers_serial_rivers_large_a, beast_lair_carwin_8
Lair:5:   layout_cave_pods, slime_altar_1, minivault_19, minivault_27
Lair:6:   grunt_lair_end_beastmaster, layout_loops_ring
Shoals:1: layout_shoals, ebering_ghost_gozag, hangedman_feature_mirror,
          uniq_jorgrun
Snake:1:  dpeg_oklob_gauntlet, layout_onion, serial_shops, nicolae_shop_trees,
          lemuel_altar_in_water2
Orc:1:    layout_caves, serial_shops, shop, nicolae_shop_behind_doors, shop,
          nicolae_shop_trees, nicolae_shop_stone
Orc:2:    grunt_orc_community_town_hall, layout_diamond_mine,
          grunt_orc_community_big_house_2, grunt_orc_community_big_house_1,
          grunt_orc_community_house_2, grunt_orc_community_house_1,
          grunt_orc_community_house_3, grunt_orc_community_house_3

Skill      XL: |  1  2  3  4  5  6  7  8  9 10 11 12 13 14 15 |
---------------+----------------------------------------------+-----
Conjurations   | 2 4 6 9 10 | 10.0
Air Magic      | 5 6 7 8 9 10 | 10.2
Armour         | 1 3 4 5 6 7 8 9 10 | 10.2
Fighting       | 1 2 3 4 5 7 9 |  9.0
Long Blades    | 1 2 |  2.2
Polearms       | 1 4 6 9 10 12 14 | 14.0
Slings         | 2 4 5 6 |  6.0
Invocations    | 2 4 5 |  5.0
Shields        | 1 8 12 14 | 14.0
Dodging        | 4 6 |  6.1
Spellcasting   | 3 |  3.6
Stealth        | |  2.0

Action                   |  1- 3 |  4- 6 |  7- 9 | 10-12 | 13-15 || total
-------------------------+-------+-------+-------+-------+-------++-------
Melee: Unarmed           |     4 |       |       |       |       ||     4
       Kick              |     3 |    23 |    29 |   111 |   312 ||   478
       Peck              |     1 |    19 |    22 |    72 |   213 ||   327
       Whip              |     1 |       |       |       |       ||     1
       Falchion          |       |    96 |       |       |       ||    96
       Halberd           |       |       |   249 |   298 |       ||   547
       Trident           |       |       |       |   255 |  1229 ||  1484
       Headbutt          |       |       |       |    45 |   193 ||   238
 Fire: Hunting sling     |       |       |       |    35 |   108 ||   143
 Cast: Shock             |    61 |    43 |   172 |    69 |    24 ||   369
       Static Discharge  |       |    10 |    16 |    24 |    22 ||    72
       Lightning Bolt    |       |       |       |    30 |    31 ||    61
Invok: Elemental Force   |       |       |       |       |     3 ||     3
       Upheaval          |       |       |       |       |     1 ||     1
 Abil: Fly               |       |     1 |       |       |       ||     1
Evoke: Wand              |       |       |       |     1 |       ||     1
  Use: Scroll            |       |     4 |     3 |    13 |    21 ||    41
       Potion            |       |     1 |     6 |     6 |     7 ||    20
 Stab: Sleeping          |       |       |     2 |       |       ||     2
  Eat: Chunk             |     3 |     6 |    13 |    18 |    83 ||   123
       Ration            |       |     1 |     3 |     7 |     4 ||    15
Armor: Robe              |     7 |       |       |       |       ||     7
       Leather armour    |     3 |       |       |       |    21 ||    24
       Ring mail         |     3 |    34 |    39 |     9 |       ||    85
       Skin              |       |     7 |    12 |    14 |       ||    33
       Steam dragon scal |       |       |       |    39 |    30 ||    69
       Acid dragon scale |       |       |       |       |     4 ||     4
       Plate armour      |       |       |       |       |    10 ||    10
Dodge: Dodged            |    41 |    82 |   217 |   285 |   396 ||  1021
       Deflected         |       |       |       |    15 |    13 ||    28
Block: Other             |       |     1 |    63 |   158 |    38 ||   260
       Reflection        |       |       |     2 |     9 |    42 ||    53
       Kite shield       |       |       |       |       |   977 ||   977
       Rpst.: Falchion   |       |    23 |     1 |       |       ||    24

Table legend:
 A = Non-vault XP
 B = Vault XP
 C = Vault XP percentage of total XP
 D = Non-vault monster count
 E = Vault monster count
 F = Vault count percentage of total count
                 A         B        C        D         E       F
            +---------+---------+-------+---------+---------+-------
      Total |   74481 |   39660 |  34.7 |     552 |     217 |  28.2
            +---------+---------+-------+---------+---------+-------
        D:1 |      22 |       0 |   0.0 |      14 |       0 |   0.0
        D:2 |      84 |      38 |  31.1 |      15 |       2 |  11.8
        D:3 |     142 |     258 |  64.5 |      30 |      21 |  41.2
        D:4 |     378 |      35 |   8.5 |      19 |       1 |   5.0
        D:5 |     538 |     192 |  26.3 |      21 |       3 |  12.5
        D:6 |     610 |     691 |  53.1 |      14 |      49 |  77.8
        D:7 |    1157 |     879 |  43.2 |      27 |       2 |   6.9
        D:8 |    2561 |    2676 |  51.1 |      30 |       8 |  21.1
        D:9 |    2307 |     480 |  17.2 |      39 |       1 |   2.5
       D:10 |     663 |       0 |   0.0 |      20 |       0 |   0.0
       D:11 |    6915 |     648 |   8.6 |      57 |       9 |  13.6
       D:12 |    6058 |     473 |   7.2 |      40 |       3 |   7.0
       D:13 |    3357 |    5938 |  63.9 |      16 |       4 |  20.0
     Lair:1 |    2828 |       0 |   0.0 |      12 |       0 |   0.0
     Lair:2 |   10578 |    2302 |  17.9 |      37 |       6 |  14.0
     Lair:3 |    4879 |       0 |   0.0 |      20 |       0 |   0.0
     Lair:4 |    3810 |    3222 |  45.8 |      12 |      13 |  52.0
     Lair:5 |    4512 |       0 |   0.0 |      11 |       0 |   0.0
     Lair:6 |    6488 |    9866 |  60.3 |      27 |      21 |  43.8
   Shoals:1 |    4789 |    3251 |  40.4 |      12 |       2 |  14.3
    Snake:1 |    6247 |       0 |   0.0 |      13 |       0 |   0.0
      Orc:1 |    2682 |    1685 |  38.6 |      32 |       2 |   5.9
      Orc:2 |    2876 |    4719 |  62.1 |      34 |      63 |  64.9
    Volcano |       0 |    2307 | 100.0 |       0 |       7 | 100.0
            +---------+---------+-------+---------+---------+-------
